Map: 16-Bit LE

Players

soul

  • Race: Terran Terran
  • Spawn Location: 1:00

HeroMarine - Winner!

  • Race: Terran Terran
  • Spawn Location: 7:00

Event: WCS Austin 2018

VOD

Have the link to the VOD?

Description

Time

  • Played on: June 1, 2018, 10:41 p.m.
  • Length: 18:15

All games in this series

Show
View Real Time Build Order
Export as new Build Order

soul Terran 

Build Orders: MMM Bio 

Get SALT Encoding   

  12  0:00  SCV  
  13  0:14  Supply Depot  
  13  0:18  SCV  
  14  0:37  Barracks  
  14  0:43  Refinery  
  14  0:56  Barracks  
  14  1:01  SCV  
  15  1:08  Refinery  
  15  1:15  SCV  
  16  1:26  Reaper  
  17  1:39  Orbital Command  
  17  1:46  Reaper  
  18  1:58  Reaper  
  19  2:05  SCV  
  20  2:17  Factory  
  20  2:19  Reaper  
  21  2:28  Supply Depot  
  21  2:31  SCV  
  21  2:37  Reaper  
  22  2:48  SCV  
  23  2:54  Reaper  
  24  3:00  SCV  
  24  3:02  Cyclone  
  28  3:12  Supply Depot, SCV  
  29  3:24  SCV  
  30  3:34  Cyclone  
  30  3:36  SCV  
  30  3:39  Supply Depot  
  34  3:48  SCV  
  34  4:07  Command Center  
  34  4:10  Starport  
  34  4:12  SCV  
  35  4:21  Cyclone  
  34  4:27  SCV  
  35  4:41  SCV  
  36  4:53  Starport Tech Lab, Command Center, SCV  
  37  5:11  SCV  
  39  5:17  Factory Tech Lab  
  39  5:18  Raven  
  39  5:20  Orbital Command  
  38  5:23  SCV  
  39  5:28  Barracks Reactor  
  39  5:35  SCV  
  39  5:36  Barracks  
  39  5:37  Barracks  
  39  5:39  Siege Tank  
  43  5:47  SCV x2  
  45  5:59  Engineering Bay, SCV  
  45  6:00  Engineering Bay, Refinery, SCV  
  47  6:09  Orbital Command  
  47  6:10  Marine  
  48  6:12  Starport Reactor, Marine  
  48  6:19  SCV  
  48  6:21  SCV  
  48  6:22  Refinery  
  50  6:28  Terran Infantry Weapons Level 1, Marine, Terran Infantry Armor Level 1  
  50  6:29  Barracks Tech Lab  
  50  6:30  Marine  
  50  6:31  SCV  
  53  6:33  SCV  
  53  6:35  SCV  
  55  6:41  Marine  
  55  6:43  SCV  
  55  6:45  SCV  
  55  6:46  Marine  
  59  6:48  Marine  
  59  6:49  Supply Depot  
  59  6:50  Stimpack  
  59  6:51  Marine  
  61  6:54  Combat Shields  
  61  6:55  SCV  
  61  6:57  SCV  
  61  6:58  Orbital Command  
  61  6:59  Marine  
  64  7:03  Marine  
  64  7:05  Marine  
  64  7:07  SCV  
  67  7:09  Marine, SCV  
  67  7:11  Siege Tank  
  72  7:17  Supply Depot, Marine  
  72  7:20  SCV  
  72  7:21  Marine, Supply Depot, SCV  
  76  7:23  Medivac, Marine  
  76  7:24  SCV  
  76  7:27  Medivac  
  76  7:28  Marine  
  83  7:32  SCV  
  83  7:33  SCV  
  85  7:39  Marine x2, SCV  
  85  7:44  SCV  
  88  7:47  Barracks  
  88  7:49  Barracks  
  88  7:50  Barracks  
  88  7:51  SCV  
  89  7:53  SCV  
  89  7:55  Medivac  
  89  7:58  Marine  
  93  7:59  SCV  
  93  8:00  Medivac, Marine  
  93  8:01  Marine  
  93  8:03  Marine  
  99  8:13  Supply Depot  
  99  8:14  Supply Depot x2  
  99  8:17  Armory  
  99  8:18  SCV x2  
  101  8:34  Marine x3  
  101  8:35  Medivac, Marine, SCV x2, Siege Tank  
  101  8:36  SCV  
  101  8:37  Barracks Reactor x3  
  112  8:47  SCV x2  
  114  8:50  SCV  
  114  8:52  Marine x3  
  114  8:53  Medivac, Marine  
  121  8:56  Refinery  
  121  8:57  Refinery, Supply Depot  
  121  9:04  Supply Depot x3  
  121  9:05  Medivac  
  121  9:07  SCV  
  124  9:10  Marine  
  124  9:13  Marine  
  125  9:18  Marine x8  
  125  9:23  Terran Infantry Weapons Level 2  
  126  9:28  Marine  
  126  9:31  Marine, Siege Tank  
  130  9:36  Marine x3  
  125  9:39  Marine x5  
  125  9:43  Terran Vehicle Weapons Level 1, Terran Infantry Armor Level 2  
  130  9:46  Marine  
  130  9:49  Marine  
  130  9:50  SCV  
  133  9:54  Marine x3, SCV  
  133  9:57  Marine x5  
  133  9:59  Sensor Tower  
  142  10:00  Command Center  
  142  10:06  Factory  
  143  10:09  Siege Tank  
  146  10:15  Supply Depot x3  
  146  10:16  Marine  
  146  10:25  Marine x7  
  146  10:26  Supply Depot  
  146  10:28  Marine  
  153  10:33  Marine  
  154  10:40  Marine  
  154  10:42  Siege Tank  
  156  10:43  Marine  
  156  10:44  Marine  
  156  10:45  SCV  
  156  10:48  Marine x6  
  162  10:50  Supply Depot  
  162  10:51  Marine  
  162  10:53  SCV  
  162  10:54  Factory Tech Lab  
  164  10:58  Marine  
  164  11:01  Marine  
  164  11:02  Marine  
  167  11:06  Marine x2  
  167  11:10  Marine x3  
  173  11:12  Sensor Tower  
  173  11:13  Planetary Fortress  
  173  11:14  Siege Tank  
  173  11:15  Marine, SCV  
  177  11:25  Marine  
  177  11:28  Marine  
  177  11:30  SCV  
  177  11:32  Marine x3  
  182  11:40  Barracks  
  182  11:41  Barracks  
  182  11:45  Command Center, Marine x2, Siege Tank  
  182  11:46  Siege Tank  
  189  11:55  Marine x2  
  189  11:59  Terran Infantry Armor Level 3, Terran Infantry Weapons Level 3  
  189  12:01  Marine  
  191  12:04  Marine  
  191  12:07  Marine  
  183  12:10  Marine x5  
  183  12:12  Marine  
  183  12:13  Marine  
  187  12:17  Siege Tank  
  187  12:18  Siege Tank  
  187  12:19  Marine  
  187  12:22  Marine  
  194  12:25  Marine  
  194  12:28  Marine x5  
  168  12:30  Marine  
  168  12:31  Marine  
  168  12:32  Barracks Reactor  
  168  12:37  Marine  
  168  12:40  Marine  
  168  12:43  Marine  
  171  12:46  Marine x5, Viking x2  
  171  12:47  Barracks Reactor  
  171  12:48  Marine  
  171  12:49  Marine, Siege Tank  
  171  12:50  Siege Tank  
  187  12:54  Marine  
  187  12:58  Marine  
  184  13:01  Marine  
  184  13:04  Marine x5  
  187  13:06  Marine  
  187  13:07  Marine  
  187  13:10  Command Center  
  187  13:12  Marine  
  190  13:13  Marine x2  
  190  13:15  Marine  
  190  13:18  Marine  
  163  13:21  Marine  
  163  13:22  Widow Mine, Marine x4, Siege Tank  
  163  13:24  Marine x2  
  163  13:25  Marine  
  163  13:26  Marine  
  170  13:30  Marine  
  170  13:31  Marine x2, Viking x2  
  170  13:33  Marine  
  174  13:36  Marine  
  174  13:39  Marine x5  
  180  13:42  Marine x2  
  180  13:43  Siege Tank  
  180  13:48  Marine  
  188  13:49  Marine x2  
  188  13:51  Marine  
  188  13:54  Marine, Siege Tank  
  195  13:57  Marine x5  
  195  13:59  Marine  
  195  14:00  Marine  
  200  14:06  Marine  
  200  14:07  Marine x2  
  200  14:09  Barracks Reactor, Marine  
  188  14:12  Marine  
  188  14:15  Marine x5, Siege Tank  
  192  14:17  Marine  
  192  14:18  Marine  
  192  14:23  Marine  
  194  14:24  Marine  
  194  14:25  Marine  
  194  14:26  Siege Tank  
  194  14:27  Marine  
  124  14:38  Medivac, Marine  
  197  14:40  Planetary Fortress  
  197  14:42  Marine  
  199  14:47  Siege Tank  
  199  14:50  Marine  
  199  14:51  Marine x6  
  199  14:52  Marine  
  192  14:55  Medivac  
  192  14:56  Marine x5  
  183  15:00  Marine  
  183  15:05  Siege Tank  
  187  15:08  Marine  
  187  15:09  Marine x6  
  187  15:10  Marine  
  187  15:14  Marine x4  
  186  15:19  Marine, Siege Tank  
  186  15:21  Marine  
  172  15:26  Medivac x2, Marine  
  172  15:27  Marine x4  
  181  15:32  Marine  
  175  15:39  Marine x8  
  183  15:43  Marine  
  183  15:44  Marine  
  183  15:45  Marine x3  
  183  15:49  Marine  
  187  15:54  Siege Tank  
  187  15:56  Medivac x2  
  190  15:57  Marine x3  
  190  15:58  Marine x2  
  190  16:00  Marine  
  190  16:04  Marine  
  185  16:05  Marine  
  185  16:06  Marine x2  
  185  16:07  Marine x2  
  185  16:10  Marine  
  184  16:19  SCV x3  
  184  16:21  Marine  
  184  16:22  Marine  
  184  16:23  Marine  
  187  16:26  Medivac x2  
  187  16:27  Marine  
  187  16:28  Marine  
  187  16:29  Marine x2  
  187  16:31  Marine, SCV x2  
  184  16:34  Marine x2  
  184  16:35  Marine  
  184  16:36  Marine  
  168  16:43  Marine x4  
  168  16:47  Marine x3  
  164  16:48  Marine  
  164  16:49  Marine  
  164  16:52  Marine x2  
  168  16:55  Medivac  
  168  17:00  Marine  
  161  17:05  Marine  
  161  17:07  Marine x10  
  147  17:09  Marine  
  147  17:10  Marine  
  147  17:14  Siege Tank  
  129  17:18  Marine  
  129  17:20  Medivac  
  130  17:23  Marine  
  130  17:25  Medivac, Marine x9  
  130  17:27  Marine x3  
  137  17:36  Marine  
  135  17:41  Marine  
  135  17:42  Marine  
  135  17:43  Marine x8  
  136  17:44  Marine  
  136  17:45  Marine x2  
  136  17:54  Marine  
Show
View Real Time Build Order
Export as new Build Order

HeroMarine Terran - Winner!

Build Orders: MMM Bio 

Get SALT Encoding   

  12  0:00  SCV  
  13  0:12  SCV  
  14  0:19  Supply Depot  
  14  0:24  SCV  
  15  0:29  Refinery  
  15  0:40  SCV  
  16  0:45  Barracks  
  16  0:53  SCV  
  17  1:05  SCV  
  18  1:17  SCV  
  19  1:32  Orbital Command, Reaper  
  20  1:47  Bunker  
  20  1:51  Supply Depot  
  20  1:53  Factory  
  20  1:57  SCV  
  21  2:03  Marine  
  22  2:10  SCV  
  23  2:21  Marine  
  23  2:22  SCV  
  24  2:34  SCV  
  25  2:39  Hellion, Marine  
  25  2:43  Command Center  
  28  2:49  Supply Depot  
  28  2:57  Starport  
  28  3:06  SCV  
  28  3:09  Refinery  
  31  3:14  Cyclone  
  31  3:18  Marine, SCV  
  34  3:25  Supply Depot  
  34  3:30  SCV  
  35  3:47  SCV  
  35  4:00  Orbital Command  
  35  4:01  SCV  
  38  4:05  Viking  
  38  4:08  Cyclone  
  41  4:12  Supply Depot  
  41  4:13  SCV  
  39  4:25  SCV  
  39  4:27  SCV  
  39  4:30  Barracks Reactor  
  41  4:37  Engineering Bay, SCV  
  42  4:39  SCV  
  42  4:44  Supply Depot  
  43  4:46  Factory Tech Lab  
  43  4:49  SCV  
  43  4:51  SCV  
  45  4:59  Command Center  
  45  5:02  SCV  
  45  5:03  SCV  
  46  5:19  Marine x2, SCV x2, Missile Turret x2  
  47  5:28  Raven  
  47  5:29  Missile Turret  
  47  5:31  SCV x2  
  47  5:33  Factory Tech Lab  
  51  5:35  Supply Depot  
  51  5:43  SCV x2  
  53  5:53  Engineering Bay  
  53  5:55  SCV  
  53  5:56  Refinery  
  54  5:57  SCV, Siege Tank  
  54  5:58  Refinery  
  58  6:07  SCV  
  58  6:09  SCV  
  61  6:19  SCV  
  61  6:20  Orbital Command, Stimpack  
  61  6:24  Starport Reactor  
  61  6:25  SCV  
  62  6:28  Barracks x2, Marine  
  62  6:31  SCV  
  64  6:36  Terran Infantry Weapons Level 1  
  64  6:37  SCV  
  64  6:39  Terran Infantry Armor Level 1  
  65  6:40  Supply Depot  
  65  6:43  SCV  
  66  6:48  Marine  
  66  6:49  SCV  
  66  6:50  Orbital Command  
  68  6:56  SCV  
  68  7:01  SCV  
  70  7:05  Marine  
  70  7:08  SCV  
  71  7:13  SCV  
  71  7:14  Starport Reactor, Siege Tank  
  75  7:17  Barracks, SCV  
  75  7:18  Barracks  
  75  7:20  SCV  
  75  7:21  Missile Turret  
  77  7:23  Marine  
  77  7:24  Marine x4  
  77  7:25  SCV  
  77  7:29  SCV  
  84  7:32  SCV  
  84  7:36  Supply Depot  
  85  7:39  Supply Depot  
  85  7:41  Supply Depot x2  
  85  7:44  Armory  
  85  7:47  Supply Depot  
  85  7:54  Refinery  
  85  7:55  Refinery  
  85  7:58  SCV x3, Siege Tank  
  91  8:01  Medivac x2  
  91  8:02  Marine x5  
  100  8:08  Barracks Reactor x2  
  100  8:10  SCV x3  
  103  8:20  Marine x3  
  103  8:21  Combat Shields  
  103  8:22  SCV x3  
  103  8:25  Marine  
  103  8:26  Marine  
  111  8:28  Factory  
  111  8:30  Supply Depot  
  111  8:31  Supply Depot  
  111  8:34  SCV x3, Terran Infantry Weapons Level 2  
  111  8:38  Terran Infantry Armor Level 2  
  107  8:41  Marine  
  107  8:42  Marine x2  
  107  8:43  Marine x2  
  107  8:46  SCV  
  107  8:47  SCV x2  
  115  8:51  Marine x2  
  115  8:52  Marine x2  
  119  8:57  Terran Vehicle Weapons Level 1  
  119  8:58  Siege Tank, SCV  
  119  8:59  Marine, SCV  
  119  9:00  Marine  
  126  9:03  Medivac, Supply Depot  
  126  9:04  Medivac  
  126  9:07  Marine x2  
  132  9:11  Marine x2  
  134  9:17  Marine  
  134  9:18  Marine  
  134  9:23  Marine x2  
  138  9:29  SCV x2  
  138  9:30  SCV  
  134  9:32  Marine x2  
  134  9:33  Medivac  
  134  9:37  Marine x3  
  137  9:41  SCV x2  
  137  9:43  SCV  
  137  9:44  Marine x3  
  137  9:45  Medivac  
  145  9:46  Factory Tech Lab  
  145  9:47  Sensor Tower  
  145  9:50  Marine  
  146  9:53  Marine, SCV  
  146  9:54  Command Center  
  146  9:55  Marine  
  146  9:58  Barracks Reactor  
  149  10:06  Supply Depot  
  149  10:08  Supply Depot  
  149  10:09  Medivac, Siege Tank  
  154  10:14  Missile Turret  
  154  10:15  Marine x3  
  157  10:23  Barracks x2  
  157  10:26  Barracks  
  157  10:28  Marine x5  
  162  10:32  Marine  
  162  10:33  Marine x2  
  165  10:40  Marine  
  165  10:41  Marine  
  165  10:46  Marine x3  
  165  10:47  Siege Tank x2  
  165  10:48  Medivac x2  
  165  10:49  Marine  
  170  10:50  Marine x2  
  170  10:52  Supply Depot x2  
  170  10:54  Marine x2  
  175  10:58  Marine  
  175  11:01  Terran Infantry Weapons Level 3, Terran Infantry Armor Level 3, Terran Vehicle Weapons Level 2  
  176  11:08  Marine x2  
  176  11:10  Marine x3  
  181  11:12  Marine x2  
  181  11:13  Barracks Reactor x3  
  181  11:14  Marine x2  
  181  11:17  Medivac, SCV x2  
  181  11:18  Medivac  
  191  11:24  Refinery, Marine  
  192  11:25  Marine  
  192  11:26  Marine  
  192  11:27  Refinery  
  192  11:28  Marine  
  195  11:35  Planetary Fortress  
  195  11:45  Marine  
  195  11:46  Marine x3  
  195  11:47  Marine x5  
  193  12:01  Sensor Tower  
  193  12:02  Marine x2  
  191  12:11  Siege Tank x2  
  191  12:12  Marine x3  
  172  12:32  Marine x2  
  174  12:37  Marine x2  
  174  12:40  Marine x2  
  174  12:43  Siege Tank x2, Viking x2  
  188  12:46  Marine x2  
  188  12:47  Marine x2  
  192  12:51  Marine  
  192  12:52  Command Center, Marine  
  192  12:53  Marine x2  
  192  12:55  Liberator  
  192  12:56  Liberator  
  193  13:11  Marine  
  193  13:12  Marine x2  
  195  13:15  Marine  
  195  13:16  Marine x11  
  195  13:18  Siege Tank x2  
  195  13:19  Marine  
  158  13:29  Marine  
  158  13:30  Marine x2  
  158  13:33  Marine x2, Terran Vehicle Weapons Level 3  
  158  13:34  Marine x3  
  166  13:35  Marine  
  166  13:36  Marine  
  166  13:38  Liberator x2  
  166  13:39  Marine  
  166  13:40  Marine  
  170  13:42  Marine  
  170  13:44  Starport, Marine  
  172  13:49  Marine  
  172  13:50  Marine x3, Siege Tank x2  
  172  13:54  Marine  
  172  13:55  Marine x2  
  185  13:58  Marine  
  185  13:59  Marine x4  
  196  14:07  Marine  
  196  14:08  Marine x2  
  196  14:09  Marine  
  189  14:10  Marine x3  
  189  14:12  Marine x3  
  189  14:13  Marine  
  189  14:16  Marine  
  196  14:22  Siege Tank  
  198  14:24  Marine x2  
  200  14:33  Starport Reactor  
  200  14:35  Starport  
  200  14:49  Marine  
  200  14:50  Marine  
  200  14:52  Marine x2  
  190  14:55  Marine x7  
  190  14:56  Marine  
  190  14:57  Siege Tank x2  
  188  15:02  Viking x2  
  188  15:03  Marine  
  188  15:05  Marine  
  188  15:06  Marine  
  194  15:07  Marine  
  194  15:08  Marine x2  
  194  15:10  Marine x2  
  194  15:13  Marine x5  
  195  15:16  Marine x2  
  195  15:20  Marine  
  195  15:21  Marine  
  191  15:23  Marine x2  
  191  15:25  Marine  
  191  15:26  Marine x2  
  196  15:29  Siege Tank  
  196  15:34  Marine  
  200  15:53  Marine  
  200  15:54  Marine  
  187  16:05  Liberator  
  187  16:07  Marine x2  
  187  16:10  Marine  
  180  16:12  Marine  
  180  16:14  Marine  
  180  16:15  Marine x2  
  180  16:16  Liberator, Marine x3  
  180  16:17  Liberator x2, Marine x2, Siege Tank x2  
  180  16:18  Marine  
  195  16:19  Marine  
  195  16:20  Marine  
  200  16:29  Marine x2  
  200  16:31  Marine x2  
  200  16:32  Marine x3  
  173  16:33  Marine  
  173  16:39  Marine x2  
  170  16:40  Marine x2  
  170  16:42  Marine x2  
  174  16:49  Command Center, Siege Tank x2  
  180  16:59  Marine x2  
  182  17:01  Marine x2  
  182  17:02  Marine x3  
  182  17:03  Marine x4  
  182  17:06  Liberator  
  182  17:07  Marine x2  
  190  17:12  Marine  
  187  17:17  Marine x2  
  187  17:21  Marine x2, Siege Tank x2  
  197  17:28  Marine  
  197  17:29  Marine x3  
  200  17:42  Marine x4  
Tags
 
Add a new tag
Caveats
  • Supply blocks, unpowered buildings, or Contaminate may cause inaccurate times.
  • Supply counts are checked every 10 seconds.